 Dungeon Sprint DCSS version 0.19-a0-353-g6b7ed47 (webtiles) character file.

7800 Groucho the Blocker (level 11, -2/99 HPs)
             Began as a Hill Orc Summoner on May 29, 2016.
             Was a Believer of Hepliaklqana.
             Slain by a sun demon (17 damage)
             ... in the Dungeon (Sprint V: "Ziggurat Sprint").
             The game lasted 00:09:31 (2047 turns).

Groucho the Blocker (Hill Orc Summoner)             Turns: 2047, Time: 00:09:31

Health: -2/99      AC:  7    Str: 29    XL:     11   Next: 20%
Magic:  22/24      EV:  4    Int: 16    God:    Hepliaklqana [**....]
Gold:   0          SH: 31    Dex: 11    Spells: 6 memorised, 12 levels left

rFire  . . .     SeeInvis +     K - +14 obsidian axe {chop, +Fly Str+3 SInv *Curse} (curse)
rCold  . . .     Gourm    .     k - +5 shadow dragon armour
rNeg   + . .     Faith    .     M - +18 shield of the Gong {rElec rN+ MR+ EV-5}
rPois  .         Spirit   .     O - +1 helmet {SInv}
rElec  +         Dismiss  .     (no cloak)
rCorr  .         Reflect  .     (no gloves)
SustAt .         Harm     .     (no boots)
MR     +....     NoTele   +     (no amulet)
Stlth  +++.......               F - +6 ring of strength
                                E - +6 ring of strength

@: corroded, mesmerised, somewhat resistant to hostile enchantments, fairly
stealthy
A: no striking features
a: Recall Ancestor, Ancestor Identity, Renounce Religion, Evoke Flight


You were in the Dungeon.
You worshipped Hepliaklqana.
Hepliaklqana was pleased with you.
You were not hungry.

You visited 1 branch

Inventory:

Hand Weapons
 K - the cursed +14 obsidian axe (weapon) {chop, +Fly Str+3 SInv *Curse}
   (You found it in the Dungeon)

   It inflicts extra damage upon your enemies.
   It affects your strength (+3).
   It lets you see invisible.
   It lets you fly.
   It may re-curse itself when equipped.
   It has a curse placed upon it.
Armour
 a - a +5 gold dragon armour
 k - a +5 shadow dragon armour (worn)
 L - the +15 Maxwell's patent armour {-Cast -Tele rElec MR+ rCorr}
   (You found it in the Dungeon)

   It insulates you from electricity.
   It affects your resistance to hostile enchantments.
   It prevents spellcasting.
   It prevents most forms of teleportation.
   It protects you from acid and corrosion.
 M - the +18 shield of the Gong (worn) {rElec rN+ MR+ EV-5}
   (You found it in the Dungeon)

   It affects your evasion (-5).
   It insulates you from electricity.
   It protects you from negative energy.
   It affects your resistance to hostile enchantments.
 O - a +1 helmet of see invisible (worn)
Jewellery
 y - a +6 ring of dexterity
 B - a +6 ring of dexterity
 C - a +6 ring of intelligence
 D - a +6 ring of intelligence
 E - a +6 ring of strength (left hand)
 F - a +6 ring of strength (right hand)
Wands
 G - a wand of disintegration (7/24)
 H - a wand of iceblast (5/15)
 I - a wand of lightning (5/15)
 J - a wand of acid (5/15)
Scrolls
 i - 4 scrolls of blinking
 j - a scroll of brand weapon
 r - 4 scrolls of amnesia
 s - 3 scrolls of recharging
 t - 7 scrolls of fog
 u - a scroll of holy word
 v - 5 scrolls of identify
 w - 5 scrolls of remove curse
 x - 2 scrolls of fear
Potions
 d - 10 potions of curing
 e - 10 potions of heal wounds
 f - 5 potions of haste
 g - 7 potions of magic
 h - 3 potions of berserk rage
 l - 2 potions of brilliance
 m - 2 potions of invisibility
 n - 4 potions of resistance
 o - a potion of experience
 p - 5 potions of agility
 q - 5 potions of might
Comestibles
 c - 5 bread rations
 z - 42 fruits
 A - 3 meat rations


   Skills:
 + Level 9.8 Fighting
 + Level 10.5 Axes
 * Level 12.5 Armour
 - Level 1.5 Dodging
 - Level 1.5 Stealth
 * Level 12.6 Shields
 * Level 9.4 Spellcasting
 + Level 4.8 Hexes
 + Level 4.5 Charms
 * Level 8.9 Summonings
 + Level 3.9 Translocations
 + Level 4.5 Ice Magic
 + Level 4.0 Air Magic


You had 12 spell levels left.
You knew the following spells:

 Your Spells              Type           Power        Failure   Level  Hunger
a - Summon Small Mammal   Summ           ####         1%          1    None
b - Summon Guardian Gole  Hex/Summ       ####....     12%         3    None
c - Blink                 Tloc           N/A          17%         2    None
d - Shroud of Golubria    Chrm/Tloc      ###.......   14%         2    None
e - Summon Ice Beast      Ice/Summ       ####....     30%         4    ###....
f - Summon Lightning Spi  Summ/Air       ####....     38%         4    ###....


Dungeon Overview and Level Annotations

Branches:
Dungeon (1/1)

Altars:
Ashenzari
Cheibriados
Dithmenos
Elyvilon
Fedhas
Gozag
Hepliaklqana
Kikubaaqudgha
Makhleb
Nemelex Xobeh
Okawaru
Pakellas
Qazlal
Ru
Sif Muna
Trog
Ukayaw
Vehumet
Xom
Yredelemnul
Zin
The Shining One
Beogh
Jiyva
Lugonu


Message History

SHROANNG!
Your rust devil hits the soul eater.
Your rust devil corrodes the soul eater!
Unknown command.
Unknown command.
You closely miss the sun demon.
The sun demon is almost dead.
You hit the soul eater but do no damage.
The soul eater is heavily wounded.
Visions of slaying the soul eater flood into your mind.
The rust devil hits Tiberia.
The rust devil corrodes Tiberia!
Tiberia hits the rust devil but does no damage.
You block the red devil's attack.
PANG!
You block the soul eater's attack.
BONNNG!
The sun demon hits you!!
* * * LOW HITPOINT WARNING * * *
You are engulfed in flames!
You die...

▓.........▓.......▓
▓▓▓▓▓▓▓▓▓▓▓▓▓▓▓▓▓▓▓
▓...8©8...▓
▓..[).=?..▓
▓...}?|[..▓
▓.........▓
▓...45....▓
▓...334...▓
▓..8@R4...▓
▓.▓)....▓.▓
▓.........▓
▓▓▓▓▓▓▓▓▓▓▓


You could see a soul eater, a sun demon, a rust devil, a red devil, a quasit, a
friendly rust devil, a friendly guardian golem and the friendly Tiberia the
knight.

Vanquished Creatures
  A mottled draconian (D)
  A hill giant (D)
  2 deep elf magi (D)
  4 draconians (D)
  2 cyclopes (D)
  A rust devil (D)
  A spiny frog (D)
  A hellwing (D)
  A jumping spider (D)
  2 two-headed ogres (D)
  A blink frog (shapeshifter) (D)
  A basilisk (D)
  A basilisk (shapeshifter) (D)
  A soldier ant (shapeshifter) (D)
  2 porcupines (D)
  An ogre (shapeshifter) (D)
  A necrophage (D)
  2 ogres (D)
  A scorpion (D)
  2 crimson imps (D)
  An iron imp (D)
  3 mummies (D)
  A river rat (D)
  A white imp (D)
  An adder skeleton (D)
  An adder zombie (D)
  A worm (shapeshifter) (D)
  A bat skeleton (D)
  A bat zombie (D)
  A jackal (D)
  A jackal skeleton (D)
42 creatures vanquished.

Vanquished Creatures (collateral kills)
  An ugly thing (D)
  A draconian (D)
  A troll (D)
  A porcupine (D)
  An adder skeleton (D)
  A ball python zombie (D)
  A giant gecko zombie (D)
7 creatures vanquished.

Vanquished Creatures (others)
  An ancestor (D)
1 creature vanquished.

Grand Total: 50 creatures vanquished

Notes
Turn   | Place    | Note
--------------------------------------------------------------
     0 | D        | Groucho the Hill Orc Summoner began the quest for the Orb.
     0 | D        | Reached XP level 1. HP: 14/14 MP: 3/3
    14 | D        | Became a worshipper of Hepliaklqana
    22 | D        | Found a shimmering altar of Xom.
    25 | D        | Found a blossoming altar of Fedhas.
    25 | D        | Found a viscous altar of Jiyva.
    25 | D        | Found a snail-covered altar of Cheibriados.
    25 | D        | Found a roughly hewn altar of Beogh.
    25 | D        | Found a corrupted altar of Lugonu.
    25 | D        | Found a white marble altar of Elyvilon.
    27 | D        | Found a deep blue altar of Sif Muna.
    27 | D        | Found a burning altar of Makhleb.
    27 | D        | Found a bloodstained altar of Trog.
    27 | D        | Found an iron altar of Okawaru.
    27 | D        | Found a sparkling altar of Nemelex Xobeh.
    27 | D        | Found a radiant altar of Vehumet.
    89 | D        | Entered arena 1.
    89 | D        | Noticed a scorpion
    89 | D        | Noticed a jumping spider
    92 | D        | Killed a scorpion
    92 | D        | Reached XP level 2. HP: 22/25 MP: 4/6
    92 | D        | Reached XP level 3. HP: 27/30 MP: 4/7
    96 | D        | Killed a jumping spider
    96 | D        | Reached skill level 5 in Axes
    96 | D        | Reached XP level 4. HP: 37/41 MP: 4/10
    96 | D        | Reached XP level 5. HP: 43/47 MP: 4/12
    96 | D        | Reached XP level 6. HP: 50/55 MP: 4/13
   361 | D        | Entered arena 2.
   361 | D        | Noticed a deep elf mage
   361 | D        | Noticed a deep elf mage
   361 | D        | Noticed a basilisk
   368 | D        | Noticed an ice beast
   368 | D        | Killed a deep elf mage
   368 | D        | Reached XP level 7. HP: 45/64 MP: 13/16
   368 | D        | Killed a basilisk
   370 | D        | Killed a deep elf mage
   370 | D        | Reached XP level 8. HP: 47/73 MP: 13/18
   381 | D        | Learned a level 3 spell: Summon Guardian Golem
   384 | D        | Learned a level 2 spell: Blink
   387 | D        | Learned a level 2 spell: Shroud of Golubria
   392 | D        | Learned a level 4 spell: Summon Ice Beast
   397 | D        | Learned a level 4 spell: Summon Lightning Spire
   586 | D        | Entered arena 3.
   599 | D        | Entered arena 4.
   606 | D        | Reached skill level 10 in Armour
   712 | D        | Reached * piety under Hepliaklqana
   712 | D        | Entered arena 5.
   712 | D        | Noticed a cyan ugly thing
   712 | D        | Noticed a blink frog
   718 | D        | Killed a blink frog
   718 | D        | Reached skill level 10 in Shields
   718 | D        | Reached skill level 1 in Hexes
   718 | D        | Reached skill level 1 in Charms
   718 | D        | Reached skill level 1 in Ice Magic
   719 | D        | Reached skill level 1 in Air Magic
   720 | D        | Reached skill level 1 in Translocations
   723 | D        | Killed a cyan ugly thing
   723 | D        | Reached skill level 5 in Summonings
   723 | D        | Reached XP level 9. HP: 63/81 MP: 18/20
   952 | D        | Entered arena 6.
   952 | D        | Noticed a draconian
   952 | D        | Noticed a draconian
   952 | D        | Noticed a draconian
   952 | D        | Noticed a draconian
   952 | D        | Noticed a draconian
   952 | D        | Noticed a mottled draconian
   964 | D        | Killed a draconian
   964 | D        | Killed a draconian
   965 | D        | Killed a draconian
   966 | D        | Killed a mottled draconian
   966 | D        | Reached XP level 10. HP: 42/91 MP: 20/22
   967 | D        | Killed a draconian
   969 | D        | Killed a draconian
  1262 | D        | Got the ring "Maraax Beikh" {Ice rElec}
  1266 | D        | Identified the Disquisition on Lethal Enhancements (You found it in the Dungeon)
  1266 | D        | Entered arena 7.
  1435 | D        | Entered arena 8.
  1435 | D        | Noticed a spiny frog
  1444 | D        | Killed a spiny frog
  1445 | D        | Reached skill level 10 in Axes
  1637 | D        | Entered arena 9.
  1637 | D        | Noticed a cyclops
  1637 | D        | Noticed a hill giant
  1637 | D        | Noticed a cyclops
  1648 | D        | Killed a cyclops
  1649 | D        | Killed a hill giant
  1649 | D        | Reached XP level 11. HP: 62/99 MP: 21/24
  1654 | D        | Killed a cyclops
  1667 | D        | Got the ring "Eplicibo" {+Blink rN+ MR+}
  2032 | D        | Reached ** piety under Hepliaklqana
  2032 | D        | Entered arena 10.
  2032 | D        | Noticed a sun demon
  2032 | D        | Noticed a soul eater
  2035 | D        | Remembered your ancestor Tiberia as a knight
  2047 | D        | Slain by a sun demon

Vault maps used:
D:        sprint_v

Skill      XL: |  1  2  3  4  5  6  7  8  9 10 11 |
---------------+----------------------------------+-----
Fighting       | 2 4 6 7 8 9 |  9.8
Axes           | 2 5 7 8 9 10 | 10.5
Armour         | 3 6 8 9 10 11 12 | 12.5
Shields        | 3 6 8 9 10 11 12 | 12.6
Spellcasting   | 3 4 6 7 8 9 |  9.4
Hexes          | 2 3 4 |  4.8
Charms         | 2 3 4 |  4.5
Ice Magic      | 1 3 4 |  4.5
Air Magic      | 1 3 4 |  4.0
Translocations | 1 2 3 |  3.9
Summonings     | 5 7 8 |  8.9
Dodging        | |  1.5
Stealth        | |  1.5

Action                   |  1- 3 |  4- 6 |  7- 9 | 10-12 || total
-------------------------+-------+-------+-------+-------++-------
Melee: Broad axe         |     3 |     5 |    32 |    38 ||    78
 Cast: Summon Guardian G |       |       |       |     1 ||     1
Invok: Recall Ancestor   |       |       |     4 |     4 ||     8
       Ancestor Life: Kn |       |       |       |     1 ||     1
  Use: Potion            |       |       |       |     1 ||     1
 Stab: Distracted        |       |     1 |       |       ||     1
  Eat: Meat ration       |       |       |       |     1 ||     1
Armor: Shadow dragon arm |     5 |     1 |    10 |    18 ||    34
Dodge: Dodged            |       |       |     1 |     7 ||     8
Block: Shield            |     4 |    10 |    44 |    84 ||   142
